 Dungeon Crawl Stone Soup version 0.22-a0-348-gd16d139 (webtiles) character file.

75 grindst0ne the Insei (level 4, -7/34 HPs)
             Began as a Gnoll Transmuter on Apr 9, 2018.
             Mangled by a gnoll
             ... wielding a +0 spear
              (11 damage)
             ... on level 2 of the Dungeon.
             The game lasted 00:02:50 (1672 turns).

grindst0ne the Insei (Gnoll Transmuter)             Turns: 1672, Time: 00:02:50

Health: -7/34      AC:  2    Str: 13    XL:     4   Next: 31%
Magic:  7/11       EV: 23    Int: 16    God:
Gold:   74         SH:  0    Dex: 20    Spells: 7/13 levels left

rFire    . . .     SeeInvis .     - Unarmed
rCold    . . .     Gourm    .   (shield currently unavailable)
rNeg     . . .     Faith    .   (armour currently unavailable)
rPois    x         Spirit   .   (helmet currently unavailable)
rElec    .         Reflect  .   (cloak currently unavailable)
rCorr    .         Harm     .   (gloves currently unavailable)
MR       +....                  (boots currently unavailable)
Stlth    ++........             (no amulet)
HPRegen  0.11/turn              c - ring of protection from magic
MPRegen  0.12/turn              j - ring of wizardry

@: spider-form
A: tiny, distributed training, strong nose
a: End Transformation


You were on level 2 of the Dungeon.
You were not hungry.
You were a venomous arachnid creature.
You visited 1 branch of the dungeon, and saw 2 of its levels.

You collected 74 gold pieces.

Inventory:

Missiles
 a - 25 arrows
 e - 2 tomahawks (quivered)
Armour
 b - a +0 robe (melded)
 r - a +0 helmet (melded)
Jewellery
 c - a ring of protection from magic (left front leg)
 j - a ring of wizardry (right front leg)
 p - a cursed amulet of guardian spirit {unknown}
Scrolls
 g - 2 scrolls of amnesia {unknown}
 h - 2 scrolls of remove curse {unknown}
 i - a scroll of identify {unknown}
 m - a scroll of noise {unknown}
 q - a scroll of teleportation {unknown}
Potions
 f - 2 potions of heal wounds {unknown}
 l - a potion of agility {unknown}
 n - a potion of haste {unknown}
 o - a potion of degeneration {unknown}
Comestibles
 d - 4 rations
 k - 10 chunks of flesh


   Skills:
 + Level 2.7 Fighting
 + Level 1.1 Short Blades
 + Level 1.1 Long Blades
 + Level 1.1 Axes
 + Level 1.1 Maces & Flails
 + Level 1.1 Polearms
 + Level 1.1 Staves
 + Level 1.1 Slings
 + Level 1.1 Bows
 + Level 1.1 Crossbows
 + Level 1.1 Throwing
 + Level 1.1 Armour
 + Level 4.6 Dodging
 + Level 1.1 Stealth
 + Level 1.1 Shields
 + Level 6.6 Unarmed Combat
 + Level 5.0 Spellcasting
 + Level 0.8 Conjurations
 + Level 0.8 Hexes
 + Level 0.8 Charms
 + Level 0.8 Summonings
 + Level 0.8 Necromancy
 + Level 0.8 Translocations
 + Level 3.8 Transmutations
 + Level 0.8 Fire Magic
 + Level 0.8 Ice Magic
 + Level 0.8 Air Magic
 + Level 0.8 Earth Magic
 + Level 0.8 Poison Magic
 + Level 1.2 Invocations
 + Level 1.1 Evocations


You had 7 spell levels left.
You knew the following spells:

 Your Spells              Type           Power        Failure   Level  Hunger
a - Beastly Appendage     Tmut           ###...       4%          1    None
b - Sticks to Snakes      Tmut           ###.....     6%          2    #......
c - Spider Form           Tmut/Pois      ##........   16%         3    ###....


Dungeon Overview and Level Annotations

Branches:
Dungeon (2/15)

Altars:


Innate Abilities, Weirdness & Mutations

Your experience applies equally to all skills.
((You have very sharp teeth.))
Your uncanny sense of smell can sniff out nearby items.


Message History

The gnoll closely misses you. The gnoll completely misses you.
You hit the gnoll.
The gnoll is poisoned.
The gnoll is severely wounded.
The gnoll misses you. The gnoll hits you with a spear.
The gnoll hits you but does no damage.
A giant cockroach comes into view.
You hit the gnoll.
The gnoll is severely wounded.
The gnoll completely misses you. The gnoll misses you.
The gnoll completely misses you.
You hit the gnoll but do no damage.
The gnoll looks as sick as possible!
The gnoll is severely wounded.
The gnoll hits you!
* * * LOW HITPOINT WARNING * * *
The gnoll closely misses you.
You hit the gnoll but do no damage.
The gnoll is almost dead.
You kill the gnoll!
The gnoll hits you from afar with a spear!
You die...

........)...(....รท).......
....##<##.##(#(...#.#...# #
#.##.##.#....#.#...#
#.##.##.#..........
#.#..........#.#..#
#.##..#.##...#.#..#
..................
........)gg..s.....
#####.##s###.###....
........)...# ...#
.....##)##### ... ##### #)#
.. #)# #........ ..#######
.... ....#


You could see 2 gnolls and a giant cockroach.

Vanquished Creatures
  Robin (D:2)
  A gnoll (D:2)
  A worm (D:2)
  2 dart slugs (D:1)
  2 leopard geckos
  2 ball pythons (D:1)
  13 goblins
  8 hobgoblins
  A jackal (D:1)
  3 kobolds (D:1)
  3 bats (D:1)
  3 frilled lizards (D:1)
  4 rats
44 creatures vanquished.

Notes
Turn   | Place    | Note
-------+----------+-------------------------------------------
     0 | D:1      | grindst0ne the Gnoll Transmuter began the quest for the Orb.
     0 | D:1      | Reached XP level 1. HP: 17/17 MP: 6/6
   466 | D:1      | Reached XP level 2. HP: 12/23 MP: 5/7
   909 | D:1      | Reached XP level 3. HP: 28/28 MP: 9/9
   913 | D:1      | Learned a level 2 spell: Sticks to Snakes
   918 | D:1      | Learned a level 3 spell: Spider Form
  1154 | D:1      | Reached skill level 5 in Spellcasting
  1502 | D:2      | Reached skill level 1 in Invocations
  1539 | D:2      | Noticed Robin
  1550 | D:2      | Killed Robin
  1550 | D:2      | Reached skill level 1 in Short Blades
  1550 | D:2      | Reached skill level 1 in Long Blades
  1550 | D:2      | Reached skill level 1 in Axes
  1550 | D:2      | Reached skill level 1 in Maces & Flails
  1550 | D:2      | Reached skill level 1 in Polearms
  1550 | D:2      | Reached skill level 1 in Staves
  1550 | D:2      | Reached skill level 1 in Slings
  1550 | D:2      | Reached skill level 1 in Bows
  1550 | D:2      | Reached skill level 1 in Crossbows
  1550 | D:2      | Reached skill level 1 in Throwing
  1550 | D:2      | Reached skill level 1 in Armour
  1550 | D:2      | Reached skill level 1 in Stealth
  1550 | D:2      | Reached skill level 1 in Shields
  1550 | D:2      | Reached skill level 1 in Evocations
  1550 | D:2      | Reached XP level 4. HP: 14/34 MP: 8/11
  1672 | D:2      | Mangled by a gnoll

Vault maps used:
D:1:      dpeg_arrival_central, minmay_box_of_dots
D:2:      grunt_decor_cap, serial_park_tiny_pond, minmay_crystal_room,
          uniq_robin

Skill      XL: |  1  2  3 |
---------------+----------+-----
Spellcasting   | 5 |  5.0
Invocations    | 1 |  1.2
Short Blades   | 1 |  1.1
Long Blades    | 1 |  1.1
Axes           | 1 |  1.1
Maces & Flails | 1 |  1.1
Polearms       | 1 |  1.1
Staves         | 1 |  1.1
Slings         | 1 |  1.1
Bows           | 1 |  1.1
Crossbows      | 1 |  1.1
Throwing       | 1 |  1.1
Armour         | 1 |  1.1
Stealth        | 1 |  1.1
Shields        | 1 |  1.1
Evocations     | 1 |  1.1
Fighting       | |  2.7
Dodging        | |  4.6
Unarmed Combat | |  6.6
Conjurations   | |  0.8
Hexes          | |  0.8
Charms         | |  0.8
Summonings     | |  0.8
Necromancy     | |  0.8
Translocations | |  0.8
Transmutations | |  3.8
Fire Magic     | |  0.8
Ice Magic      | |  0.8
Air Magic      | |  0.8
Earth Magic    | |  0.8
Poison Magic   | |  0.8

Action                   |  1- 3 |  4- 6 || total
-------------------------+-------+-------++-------
Melee: Unarmed           |    92 |    17 ||   109
       Bite              |    10 |       ||    10
       Punch             |     3 |       ||     3
       Headbutt          |     1 |       ||     1
 Cast: Beastly Appendage |     3 |     1 ||     4
       Spider Form       |     2 |     2 ||     4
  Use: Potion            |       |     1 ||     1
 Stab: Sleeping          |     1 |       ||     1
  Eat: Chunk             |     2 |     1 ||     3
Armor: Robe              |    17 |     1 ||    18
       Skin              |     2 |     3 ||     5
Dodge: Dodged            |    78 |    17 ||    95

Table legend:
 A = Spawn XP
 B = Non-spawn XP
 C = Spawn XP percentage of total XP
 D = Spawn monster count
 E = Non-spawn monster count
 F = Spawn count percentage of total count
 G = Total turns spent on level
                    A         B        C        D         E        F      G
               +---------+---------+-------+---------+---------+-------+---------
         Total |       0 |     108 |   0.0 |       0 |      44 |   0.0 |  1672
               +---------+---------+-------+---------+---------+-------+---------
           D:1 |       0 |      45 |   0.0 |       0 |      25 |   0.0 |  1482
           D:2 |       0 |      63 |   0.0 |       0 |      19 |   0.0 |   190
               +---------+---------+-------+---------+---------+-------+---------
